 Dungeon Crawl Stone Soup version 0.29.1-2-gbd0b4ee654 (webtiles) character file.

Game seed: 7672573038873724711

316 GorkyZ the Shield-Bearer (level 6, 0/38 HPs)
             Began as a Gargoyle Fighter on Nov 26, 2022.
             Slain by an orc
             ... wielding a +0 hand axe
              (5 damage)
             ... on level 4 of the Dungeon.
             The game lasted 00:08:31 (4128 turns).

GorkyZ the Shield-Bearer (Gargoyle Fighter)         Turns: 4128, Time: 00:08:31

Health: 0/38       AC: 11    Str: 22    XL:     6   Next: 44%
Magic:  6/6        EV:  6    Int:  8    God:
Gold:   275        SH: 11    Dex:  9    Spells: 5/5 levels left

rFire   . . .      SeeInvis .   q - +3 scimitar of Impeachment {speed, Fly Stlth+}
rCold   . . .      Faith    .   u - +0 tower shield
rNeg    + . .      Spirit   .   b - +0 scale mail
rPois   ∞          Reflect  .   (no helmet)
rElec   +          Harm     .   (no cloak)
rCorr   +          Rampage  .   (no gloves)
Will    .....                   (no boots)
Stlth   +.........              (no amulet)
HPRegen 0.12/turn               e - ring of resist corrosion
MPRegen 0.10/turn               (no ring)

@: flying
A: sickness immunity, AC +4, negative energy resistance 1, electricity
resistance, torment resistance 1, petrification resistance
a: no special abilities


You were on level 4 of the Dungeon.
You visited 2 branches of the dungeon, and saw 6 of its levels.

You collected 275 gold pieces.

Inventory:

Hand Weapons
 a - a +0 war axe
 q - the +3 scimitar of Impeachment (weapon) {speed, Fly Stlth+}
   (You found it on level 3 of the Dungeon)

   Attacks with this weapon are significantly faster.
   Fly:       It grants you flight.
   Stlth:     It makes you more stealthy.
Missiles
 h - 8 poisoned darts
 k - 4 boomerangs (quivered)
 l - 12 atropa-tipped darts
Armour
 b - a +0 scale mail (worn)
 c - a +0 buckler
 u - a +0 tower shield (worn)
Jewellery
 e - a ring of resist corrosion (left hand)
 g - a ring of magical power
 m - an amulet of magic regeneration
Scrolls
 f - 2 scrolls of fog
 i - a scroll of poison {unknown}
 n - a scroll of torment {unknown}
 o - a scroll of immolation
 s - a scroll of teleportation
 t - a scroll of summoning
 x - a scroll of identify
 y - a scroll of enchant armour {unknown}
Potions
 d - a potion of might
 j - a potion of degeneration {unknown}
 p - a potion of brilliance {unknown}
 r - a potion of lignification {unknown}
 v - a potion of haste {unknown}
 w - 2 potions of berserk rage {unknown}
 z - a potion of attraction {unknown}


   Skills:
 + Level 4.1 Fighting
 + Level 2.7 Axes
 + Level 1.7 Throwing
 + Level 4.1 Armour
 + Level 1.7 Dodging
 + Level 4.1 Shields
 + Level 2.0 Evocations


You had 5 spell levels left.
You didn't know any spells.
Your spell library contained the following spells:

 Spells                   Type           Power      Damage    Failure   Level
 Inner Flame              Hex/Fire       0%         N/A       100%        3
 Cause Fear               Hex            0%         N/A       100%        4
 Discord                  Hex            0%         N/A       100%        8


Dungeon Overview and Level Annotations

Branches:
Dungeon (5/15)             Temple (1/1) D:4

Altars:
Cheibriados
Dithmenos
Elyvilon
Fedhas
Hepliaklqana
Kikubaaqudgha
Makhleb
Nemelex Xobeh
Okawaru
Qazlal
Ru
Trog
Vehumet
Wu Jian
Xom
Zin

Shops:
D:4 (


Innate Abilities, Weirdness & Mutations

You are immune to sickness and miasma.
Your stone body is resilient. (AC +4)
You are immune to poison.
You resist negative energy. (rN+)
You are resistant to electric shocks. (rElec)
You are resistant to unholy torment.
You are immune to petrification.


Message History

Beogh smites you!
* * * LOW HITPOINT WARNING * * *
You block the orc's attack.
There is a stone staircase leading up here.
The orc barely misses you. The gnoll hits you with a +0 club.
* * * LOW HITPOINT WARNING * * *
You fly upwards.
There is a stone staircase leading down here.
Okay, then.
You slash the gnoll!
The gnoll is heavily wounded.
The gnoll hits you with a +0 club.
* * * LOW HITPOINT WARNING * * *
The orc wizard barely misses you. You block the orc's attack.
You hit the gnoll.
The gnoll is almost dead.
The gnoll closely misses you.
The orc wizard hits you but does no damage.
You block the orc's attack.
You slash the gnoll!
You kill the gnoll!
The orc wizard gestures wildly while chanting.
The orc wizard flickers and vanishes!
Deactivating autopickup; reactivate with Ctrl-A.
You block the orc's attack. Something completely misses you.
The orc hits you but does no damage.
You hit something. Something hits you but does no damage.
You block the orc's attack.
You slash something!
Reactivating autopickup.
You feel a bit more experienced. The orc barely misses you.
You barely miss the orc. You block the orc's attack.
You barely miss the orc. The orc barely misses you.
The orc hits you but does no damage.
You barely miss the orc. You block the orc's attack.
You closely miss the orc. The orc barely misses you.
You hit the orc.
The orc is severely wounded.
You block the orc's attack. The orc hits you with a +0 hand axe.
You die...

########## #.'∩'...)#
#.######.# #....###.#
##
###..@##.############.
##o))...............
#..##.############.
#..#.........# #.
#..#..######.# #.
#..#..######.# #.
#..#..#......# #.
#..#..#.###### ##
#..#..#.# #


You could see an orc.

Vanquished Creatures
  An iron imp (D:4)
  Ijyb (D:3)
  Terence (D:3)
  An iguana (D:4)
  An orc wizard (D:4)
  An adder (D:3)
  7 gnolls
  3 worms
  3 dart slugs
  3 orcs
  5 ball pythons
  7 bats
  9 endoplasms
  8 giant cockroaches
  10 goblins
  6 hobgoblins
  9 kobolds
  4 quokkas
  5 frilled lizards
  5 rats
90 creatures vanquished.

Notes
Turn   | Place    | Note
-------+----------+-------------------------------------------
     0 | D:1      | GorkyZ the Gargoyle Fighter began the quest for the Orb.
     0 | D:1      | Reached XP level 1. HP: 14/14 MP: 1/1
   136 | D:1      | Reached XP level 2. HP: 14/19 MP: 2/2
   361 | D:1      | You fall into a shaft and drop 1 floor!
   373 | D:2      | Reached XP level 3. HP: 23/23 MP: 3/3
  1151 | D:2      | Reached skill level 1 in Dodging
  1438 | D:2      | Reached skill level 1 in Evocations
  1493 | D:2      | Reached XP level 4. HP: 26/28 MP: 4/4
  1973 | D:3      | Found a bloodstained altar of Trog.
  2008 | D:3      | Identified the +3 scimitar of Impeachment {speed, Fly
                  | Stlth+}
  2061 | D:3      | Noticed Terence
  2075 | D:3      | Killed Terence
  2076 | D:3      | Reached skill level 1 in Throwing
  2750 | D:3      | Reached XP level 5. HP: 33/33 MP: 5/5
  2761 | D:3      | Noticed Ijyb
  2798 | D:3      | Killed Ijyb
  3419 | D:4      | Found a staircase to the Ecumenical Temple.
  3455 | Temple   | Entered the Ecumenical Temple
  3789 | D:4      | Found Xefaypoi's Antique Weapon Boutique.
  3817 | D:4      | Reached XP level 6. HP: 38/38 MP: 6/6
  3889 | D:4      | Found a snail-covered altar of Cheibriados.
  4108 | D:5      | Entered Level 5 of the Dungeon
  4128 | D:4      | Slain by an orc

Illustrated notes

Levels and vault maps discovered:
D:1:      minmay_arrival_pointy, layout_loops_ring, serial_park_tiny_1
D:2:      minmay_chambers_of_ones, layout_loops_ring
D:3:      layout_loops_corners, trog_book, minmay_misc_feat_tower,
          minmay_pentangle, uniq_ijyb, uniq_terence
D:4:      layout_basic, slow_altar_1, minmay_temple_entry_purple_smoke,
          serial_shops, kennysheep_mini
D:5:      layout_cave_pools, mainiacjoe_overflow_tiny_flanked,
          minmay_ruined_shrine
Temple:   zaba_magenta_temple

Skill      XL: |  1  2  3  4  5  6 |
---------------+-------------------+-----
Axes           | 2 |  2.7
Dodging        | 1 |  1.7
Evocations     | 1 2 |  2.0
Throwing       | 1 |  1.7
Fighting       | 4 |  4.1
Armour         | 4 |  4.1
Shields        | 4 |  4.1

Action                   |  1- 3 |  4- 6 || total
-------------------------+-------+-------++-------
Melee: War axe           |    82 |    13 ||    95
       Scimitar          |       |   171 ||   171
  Use: Scroll            |       |     6 ||     6
       Potion            |       |     1 ||     1
Armor: Scale mail        |    46 |    50 ||    96
Dodge: Dodged            |    49 |    62 ||   111
Block: Buckler           |    13 |    21 ||    34
       Tower shield      |       |    26 ||    26
